 Dungeon Crawl Stone Soup version 0.25-a0-713-g4845790874 (webtiles) character file.

Game seed: 9167163207998157972, levelgen mode: deterministic

212 15rune the Vandal (level 6, -3/39 HPs)
             Began as a Halfling Hunter on Apr 4, 2020.
             Slain by a gnoll
             ... wielding the +11 halberd of Weist {chaos, rC+ MR+ Str-5 Dex+4}
              (21 damage)
             ... on level 4 of the Dungeon on Apr 5, 2020.
             The game lasted 00:17:21 (3543 turns).

15rune the Vandal (Halfling Hunter)                 Turns: 3543, Time: 00:17:23

Health: -3/39      AC:  9    Str: 15    XL:     6   Next: 14%
Magic:  6/6        EV: 14    Int:  9    God:
Gold:   194        SH:  0    Dex: 15    Spells: 5/5 levels left

rFire    . . .     SeeInvis .   e - +1 dagger (venom)
rCold    . . .     Gourm    .   (shield restricted)
rNeg     . . .     Faith    .   n - +0 ring mail
rPois    .         Spirit   .   (no helmet)
rElec    .         Reflect  .   (no cloak)
rCorr    .         Harm     .   j - +0 pair of gloves
MR       .....                  g - +2 pair of boots
Stlth    +.........             k - amulet of the acrobat
HPRegen  0.13/turn              (no ring)
MPRegen  0.10/turn              (no ring)

@: glowing
A: small, mutation resistance 1
a: no special abilities


You were on level 4 of the Dungeon.
You were not hungry.

You visited 1 branch of the dungeon, and saw 4 of its levels.

You collected 194 gold pieces.

Inventory:

Hand Weapons
 a - a +1 hunting sling
 e - a +1 dagger of venom (weapon)
Missiles
 d - 4 sling bullets
 h - 89 stones (quivered)
Armour
 g - a +2 pair of boots (worn)
 j - a +0 pair of gloves (worn)
 n - a +0 ring mail (worn)
Jewellery
 k - an amulet of the acrobat (around neck)
Scrolls
 c - a scroll of immolation
Potions
 b - 2 potions of brilliance
 l - a potion of flight
 m - a potion of mutation
 q - 2 potions of lignification
 r - 2 potions of curing {unknown}
Comestibles
 f - 3 rations


   Skills:
 - Level 1.7 Fighting
 + Level 2.7 Short Blades
 * Level 7.7 Slings
 + Level 3.5 Dodging
 + Level 3.0 Stealth


You had 5 spell levels left.
You didn't know any spells.
Your spell library was empty.

Dungeon Overview and Level Annotations

Branches:
Dungeon (4/15)
 Temple: D:4-7

Altars:

Annotations:
D:3 3 runed translucent doors, exclusion: 3 doors, anything's ghost, amateur TrTm
D:4 1 transporter, Zajic's ghost, novice MiBe


Innate Abilities, Weirdness & Mutations

You are small and have problems with some larger weapons.
You are somewhat resistant to further mutation.


Message History

The gnoll hits you but does no damage.
Zajic's ghost completely misses the plant.
The gnoll closely misses you. x2
You hit the gnoll but do no damage.
The gnoll looks as sick as possible!
The gnoll is lightly wounded.
The gnoll shaman calls upon its god to heal the gnoll.
The gnoll's wounds heal themselves!
Zajic's ghost hits the plant.
The gnoll barely misses you.
You closely miss the gnoll.
The gnoll is moderately wounded.
The gnoll misses you.
The gnoll hits you from afar with the +11 halberd of Weist {chaos, rC+ MR+ Str-5 Dex+4}!
The gnoll freezes you. The gnoll shaman closely misses you.
You hit the gnoll.
The gnoll looks as sick as possible!
The gnoll is heavily wounded.
Zajic's ghost hits the plant!
The gnoll misses you. The gnoll hits you but does no damage.
The gnoll hits you from afar with the +11 halberd of Weist {chaos, rC+ MR+ Str-5 Dex+4}!!
Ouch! That really hurt!
You die...

#.#####....#### #.# #.##
#####..........#######.####..#
#............................#
#.≈≈≈≈≈≈≈≈≈≈≈≈≈≈≈≈≈≈≈≈≈≈≈≈≈..#
###.≈≈≈≈≈≈≈≈≈≈≈≈≈≈≈≈≈≈≈≈≈≈≈≈≈..#
##..≈≈#####...........#####≈≈..#
....≈≈#...#.###.©.###.#...#≈≈..#
###.≈≈#...###.#####©###...#≈≈..#
# #.≈≈###....((g@gg(((.(###≈≈..#
#.≈≈.8#.##'###g######.#8.≈≈..#
#.≈≈.##.#PgP#PW8#..g#.##.≈≈..#
#.≈≈.#..'.....©⌠#:..'..#.≈≈..#
#.≈≈.##.#P.P#P.8#...#.##.≈≈..#
#.≈≈.8# ##'###'######.#8.≈≈..#
#.≈≈###.... ..........###≈≈.## #
#.≈≈#..?###.#####.###...#≈≈.#
###.≈≈#g..#.###.©.###.#ggg#≈≈.#


You could see a gnoll shaman, Zajic's ghost and 3 gnolls.

Vanquished Creatures
  An iguana (D:4)
  2 gnolls
  10 adders
  A worm (D:3)
  2 leopard geckos
  7 giant cockroaches
  8 goblins
  7 hobgoblins
  A jackal (D:3)
  2 quokkas (D:2)
  2 ball pythons (D:1)
  9 bats
  2 frilled lizards
  9 kobolds
  10 rats
73 creatures vanquished.

Notes
Turn   | Place    | Note
-------+----------+-------------------------------------------
     0 | D:1      | 15rune the Halfling Hunter began the quest for the Orb.
     0 | D:1      | Reached XP level 1. HP: 14/14 MP: 1/1
    74 | D:1      | Reached skill level 6 in Slings
   120 | D:1      | Reached XP level 2. HP: 19/19 MP: 2/2
   390 | D:1      | Reached skill level 1 in Short Blades
   444 | D:1      | Reached XP level 3. HP: 22/24 MP: 3/3
  1273 | D:2      | Reached XP level 4. HP: 29/29 MP: 4/4
  1645 | D:2      | Upgraded the game from 0.25-a0-705-ge9988fc0fb to
                  | 0.25-a0-713-g4845790874
  2060 | D:2      | Reached skill level 7 in Slings
  2271 | D:3      | Reached XP level 5. HP: 34/34 MP: 5/5
  2553 | D:3      | Found a runed translucent gate.
  2555 | D:3      | Found a runed translucent gate.
  2556 | D:3      | Found a runed translucent gate.
  2606 | D:3      | Noticed anything's ghost (amateur TrTm)
  3253 | D:4      | Reached XP level 6. HP: 18/39 MP: 6/6
  3428 | D:4      | Found a transporter.
  3461 | D:4      | Identified the +11 halberd of Weist {chaos, rC+ MR+ Str-5
                  | Dex+4}
  3495 | D:4      | Found a transporter.
  3501 | D:4      | Noticed Zajic's ghost (novice MiBe)
  3543 | D:4      | Slain by a gnoll

Levels and vault maps discovered:
D:1:      onia_arrival_mini_spirals, layout_basic
D:2:      layout_basic
D:3:      layout_basic, gammafunk_ghost_icy, kennysheep_generic_room_5
D:4:      layout_loops_ring, first_ration, gammafunk_ghost_gnarly_gnolls

Skill      XL: |  1  2  3  4  5 |
---------------+----------------+-----
Slings         | 6 7 |  7.7
Short Blades   | 1 2 |  2.7
Stealth        | 2 3 |  3.0
Dodging        | 3 |  3.5
Fighting       | |  1.7

Action                   |  1- 3 |  4- 6 || total
-------------------------+-------+-------++-------
Melee: Short sword       |     7 |       ||     7
       Dagger            |    28 |    78 ||   106
 Fire: Hunting sling     |    39 |    95 ||   134
  Use: Scroll            |       |     8 ||     8
 Stab: Distracted        |     1 |       ||     1
  Eat: Chunk             |       |     6 ||     6
       Ration            |       |     1 ||     1
Armor: Leather armour    |     6 |     4 ||    10
       Ring mail         |       |    21 ||    21
Dodge: Dodged            |    37 |    93 ||   130

Table legend:
 A = Non-vault XP
 B = Vault XP
 C = Vault XP percentage of total XP
 D = Non-vault monster count
 E = Vault monster count
 F = Vault count percentage of total count
                 A         B        C        D         E       F
            +---------+---------+-------+---------+---------+-------
      Total |     273 |      31 |  10.2 |      69 |       4 |   5.5
            +---------+---------+-------+---------+---------+-------
        D:1 |      47 |       0 |   0.0 |      22 |       0 |   0.0
        D:2 |      75 |       0 |   0.0 |      24 |       0 |   0.0
        D:3 |      82 |      17 |  17.2 |      18 |       3 |  14.3
        D:4 |      69 |      14 |  16.9 |       5 |       1 |  16.7
            +---------+---------+-------+---------+---------+-------
